 Dungeon Crawl Stone Soup version 0.18-a0-1120-g03bd624 (webtiles) character file.

3389 gorblad the Blocker (level 9, -7/79 HPs)
             Began as a Minotaur Fighter on Jan 17, 2016.
             Was a Priest of Trog.
             Killed by divine providence
             ... invoked by an orc priest
              (14 damage)
             ... on level 8 of the Dungeon.
             The game lasted 00:15:02 (6318 turns).

gorblad the Blocker (Minotaur Fighter)              Turns: 6318, Time: 00:15:04

Health: -7/79      AC: 16    Str: 25    XL:     9   Next: 74%
Magic:  8/8        EV:  6    Int:  5    God:    Trog [***...]
Gold:   342        SH: 19    Dex:  9    Spells: 0 memorised, 8 levels left

rFire  . . .     SeeInvis .     a - +2 war axe
rCold  . . .     Gourm    .     x - +0 plate armour
rNeg   + + .     Faith    .     g - +1 large shield
rPois  .         Spirit   .     (helmet restricted)
rElec  .         Dismiss  .     (no cloak)
rCorr  .         Reflect  .     m - +0 pair of gloves
SustAt .         Harm     .     e - +0 pair of boots
MR     .....                    (no amulet)
Stlth  ..........               r - ring of positive energy
                                i - ring of positive energy

@: exhausted, slowed, very slow, not resistant to hostile enchantments,
extremely unstealthy
A: retaliatory headbutt, horns 2
a: Berserk, Trog's Hand, Burn Spellbooks, Renounce Religion


You were on level 8 of the Dungeon.
You worshipped Trog.
Trog was most pleased with you.
You were near starving.

You visited 1 branch of the dungeon, and saw 8 of its levels.
You also visited: Sewer.

You collected 342 gold pieces.

Inventory:

Hand Weapons
 a - a +2 war axe (weapon)
Armour
 b - a +0 scale mail
 c - a +0 shield
 e - a +0 pair of boots (worn)
 g - a +1 large shield (worn)
 m - a +0 pair of gloves (worn)
 x - a +0 plate armour (worn)
Jewellery
 i - a ring of positive energy (left hand)
 r - a ring of positive energy (right hand)
 y - an uncursed ring of wizardry {unknown}
Wands
 h - a wand of fire (6/15)
 A - a wand of lightning (11/15)
 D - a wand of disintegration (1/24)
Scrolls
 o - 2 scrolls of teleportation
 q - 3 scrolls of fog
 z - a scroll of remove curse
Potions
 d - 4 potions of might
 j - 2 potions of poison {unknown}
 k - 9 potions of brilliance
 s - 2 potions of flight
 u - 4 potions of curing
 v - 2 potions of agility {unknown}
 w - 2 potions of lignification {unknown}
Comestibles
 f - 4 bread rations
 n - a royal jelly
 p - 10 fruits
 t - 2 beef jerkies


   Skills:
 + Level 7.6 Fighting
 + Level 7.7 Axes
 + Level 7.4 Armour
 + Level 5.1 Dodging
 + Level 0.6 Stealth
 + Level 10.5 Shields


You had 8 spell levels left.
You didn't know any spells.

Dungeon Overview and Level Annotations

Branches:
Dungeon (8/15)             Temple (0/1) D:6
   Lair: D:8-11

Altars:
Ashenzari
Pakellas
Ru
Trog
Xom


Innate Abilities, Weirdness & Mutations

You reflexively headbutt those who attack you in melee.
You have a pair of horns on your head.


Message History

The blast of flame hits you!
* * * LOW HITPOINT WARNING * * *
The orc warrior hits you with a scimitar.
* * * LOW HITPOINT WARNING * * *
The orc priest miscasts a cantrip.
You are too berserk!
You are no longer berserk.
You are exhausted.
You feel yourself slow down.
You are near starving!
You are no longer corroded.
Drink which item? (? for menu, Esc to quit)
You feel much better. The fire drake breathes flames at you.
The blast of flame hits you!
* * * LOW HITPOINT WARNING * * *
You block the orc warrior's attack. The fire drake closely misses you.
The orc priest invokes the aid of Beogh against you.
Something smites you!
You die...

#.#. .### . #.#.
o.. ..#...#+#..
..........####
.........o...
.......)).#
......)[†.#
##....†ok.#
#......@.#
..........#######
................#
.........######.#
...###+### #.#
... #<# ## #.#
#.# #.#


You could see a fire drake, an orc warrior, an orc priest and an orc.

Vanquished Creatures
  An ugly thing (D:8)
  Eustachio (D:5)
  Duvessa (D:7)
  4 orc warriors
  An ice beast (D:8)
  A black bear (D:6)
  A phantom (D:4)
  5 ogres
  2 big kobolds (Sewer)
  2 giant frogs
  A gnoll sergeant (D:6)
  Dowan (D:7)
  3 scorpions (D:4)
  5 killer bees
  2 crimson imps
  A centaur zombie (D:7)
  A giant frog zombie (D:5)
  A hound (D:4)
  7 orc priests
  5 orc wizards
  A giant frog skeleton (D:6)
  2 worker ants
  12 adders
  8 gnolls
  2 shadow imps
  3 adder skeletons
  2 worms
  3 giant geckos
  31 orcs
  6 ball pythons
  10 giant cockroaches
  12 goblins
  7 hobgoblins
  2 jackals (D:7)
  5 quokkas
  12 bats
  4 giant newts
  19 kobolds
  10 rats
  4 fungi (D:4)
201 creatures vanquished.

Vanquished Creatures (others)
  An orc (D:8)
  2 fungi (D:4)
3 creatures vanquished.

Grand Total: 204 creatures vanquished

Notes
Turn   | Place    | Note
--------------------------------------------------------------
     0 | D:1      | gorblad the Minotaur Fighter began the quest for the Orb.
     0 | D:1      | Reached XP level 1. HP: 19/19 MP: 0/0
   727 | D:1      | Reached XP level 2. HP: 27/27 MP: 1/1
   814 | D:1      | Reached skill level 4 in Shields
  1123 | D:2      | Reached XP level 3. HP: 33/33 MP: 2/2
  1305 | D:2      | Found a shimmering altar of Xom.
  1427 | D:2      | Reached skill level 1 in Dodging
  1427 | D:2      | Reached XP level 4. HP: 37/40 MP: 3/3
  1673 | D:3      | Reached skill level 5 in Shields
  1725 | D:3      | Found a bloodstained altar of Trog.
  1725 | D:3      | Found a sacrificial altar of Ru.
  1735 | D:3      | Found a shattered altar of Ashenzari.
  1804 | D:3      | Reached XP level 5. HP: 46/46 MP: 4/4
  1839 | D:3      | Found a glowing drain.
  1868 | Sewer    | Entered a sewer
  2080 | Sewer    | Reached skill level 6 in Shields
  2080 | Sewer    | Reached XP level 6. HP: 45/53 MP: 5/5
  2410 | D:3      | Became a worshipper of Trog the Wrathful
  2687 | D:4      | Reached skill level 5 in Fighting
  2766 | D:4      | Reached skill level 5 in Armour
  2766 | D:4      | Reached XP level 7. HP: 58/61 MP: 6/6
  3227 | D:4      | Reached skill level 7 in Shields
  3639 | D:5      | Entered Level 5 of the Dungeon
  3690 | D:5      | Reached * piety under Trog
  3913 | D:5      | Noticed Eustachio
  3921 | D:5      | Killed Eustachio
  3921 | D:5      | Reached skill level 5 in Axes
  3921 | D:5      | Reached XP level 8. HP: 70/70 MP: 7/7
  4414 | D:6      | Reached skill level 8 in Shields
  5045 | D:6      | Found a staircase to the Ecumenical Temple.
  5227 | D:6      | Reached ** piety under Trog
  5232 | D:6      | Reached XP level 9. HP: 72/78 MP: 8/8
  5505 | D:7      | Reached skill level 9 in Shields
  5515 | D:7      | Reached skill level 5 in Dodging
  5858 | D:7      | Found an oddly glowing altar of Pakellas.
  5942 | D:7      | Noticed Dowan
  5943 | D:7      | Noticed Duvessa
  5951 | D:7      | Killed Duvessa
  5955 | D:7      | Killed Dowan
  6290 | D:8      | Noticed a brown ugly thing
  6301 | D:8      | Killed a brown ugly thing
  6301 | D:8      | Reached skill level 10 in Shields
  6304 | D:8      | Reached *** piety under Trog
  6308 | D:8      | Noticed a fire drake
  6315 | D:8      | HP: 3/118 [orc warrior/scimitar (6)]
  6318 | D:8      | Killed from afar by an orc priest

Vault maps used:
D:1:      dpeg_arrival_rhombi
D:2:      overflow_temple_1_default
D:3:      grunt_temple_overflow_open, gup_sewer_entry_glass,
          minmay_misc_feat_columns
D:4:      old_forge, first_bread
D:5:      uniq_eustachio
D:6:      minmay_temple_entry_overgrown, kennysheep_generic_room_8
D:7:      statuecave_lemuel, johnstein_pakellas_dig, uniq_duvessa
D:8:      gammafunk_temple_overflow_claw, minmay_lair_entry_lava
Sewer:    kennysheep_pipe_town

Action                   |  1- 3 |  4- 6 |  7- 9 || total
-------------------------+-------+-------+-------++-------
Melee: War axe           |    92 |   208 |   311 ||   611
Invok: Burn Spellbooks   |       |       |     3 ||     3
       Berserk           |       |       |     2 ||     2
  Use: Scroll            |     7 |     5 |     7 ||    19
       Potion            |       |     2 |     4 ||     6
  Eat: Chunk             |     2 |     5 |    12 ||    19
